[ AOE2 MATCH · #507963111 ]
UnrankedBurmese vs Ethiopians
Player's team · WIN
Rival team · LOSS
[ REPLAY ANALYSIS · EXTRACTED FROM THE RECORDED GAME ]
Feudal
11:11
Castle
16:10
Imperial
—
| APM avg | 41.3 |
| APM peak | 67 |
| eAPM avg | 14.9 |
| Villagers / military | 29 / 54 |
Focus
⚔️ 46.7% · 🌾 53.3%
Arambai ×35 · Mangonel ×12 · Monk ×5 · Battering Ram ×2
Feudal
8:58
Castle
23:35
Imperial
—
| APM avg | 54.9 |
| APM peak | 87 |
| eAPM avg | 23.7 |
| Villagers / military | 87 / 64 |
Focus
⚔️ 33.9% · 🌾 66.1%
Archer ×50 · Mangonel ×12 · Skirmisher ×1 · Shotel Warrior ×1
Match map
Initial resources + every placement click. Lines = walls · curves = elevation contours. ◆ gold · ⬟ stone · ● berries · ✦ relic · ◌ wall gap
Your base· Open — 4t gap
Joeodessa's base· ✓ Closed at 23:35 · 29t walls · no gate
Smoothed initial terrain · ◌ = detected wall gap · hover for details
Inputs per minute
— Changed - - Joeodessa
Build order — Changed
First 150 of 158 actions detected
| 0:00 | Queue | Villager (Male) |
| 0:01 | Queue | Villager (Male) |
| 0:02 | Queue | Villager (Male) |
| 0:02 | Queue | Villager (Male) |
| 0:04 | Build | House |
| 0:05 | Build | House |
| 1:29 | Queue | Villager (Male) |
| 1:55 | Queue | Villager (Male) |
| 2:28 | Queue | Villager (Male) |
| 2:55 | Queue | Villager (Male) |
| 3:28 | Build | Lumber Camp |
| 3:36 | Queue | Villager (Male) |
| 3:36 | Queue | Villager (Male) |
| 3:45 | Build | House |
| 3:46 | Build | Palisade Wall |
| 3:55 | Queue | Villager (Male) |
| 4:42 | Queue | Villager (Male) |
| 4:42 | Queue | Villager (Male) |
| 4:44 | Build | Palisade Wall |
| 4:45 | Build | Palisade Wall |
| 4:50 | Queue | Villager (Male) |
| 5:21 | Queue | Villager (Male) |
| 5:45 | Build | Palisade Wall |
| 6:15 | Build | House |
| 6:20 | Build | Mill |
| 6:25 | Queue | Villager (Male) |
| 6:26 | Queue | Villager (Male) |
| 6:26 | Queue | Villager (Male) |
| 6:48 | Build | Palisade Wall |
| 6:49 | Build | Palisade Wall |
| 6:50 | Build | Palisade Wall |
| 6:51 | Build | Palisade Wall |
| 6:52 | Build | Palisade Wall |
| 6:52 | Build | Palisade Wall |
| 7:02 | Queue | Villager (Male) |
| 7:02 | Queue | Villager (Male) |
| 7:16 | Build | Palisade Wall |
| 7:17 | Build | Palisade Wall |
| 7:17 | Build | Palisade Wall |
| 7:18 | Build | Palisade Wall |
| 7:19 | Build | Palisade Wall |
| 7:19 | Build | Palisade Wall |
| 7:20 | Build | Palisade Wall |
| 7:20 | Build | Palisade Wall |
| 7:38 | Build | Mining Camp |
| 8:06 | Build | Palisade Wall |
| 8:07 | Build | Palisade Wall |
| 8:07 | Build | Palisade Wall |
| 8:08 | Build | Palisade Wall |
| 8:12 | Build | Palisade Wall |
| 8:26 | Research | Loom |
| 8:38 | Research | Feudal Age |
| 10:07 | Queue | Villager (Male) |
| 10:07 | Queue | Villager (Male) |
| 11:11 | Age | Feudal Age |
| 11:25 | Build | Market |
| 11:46 | Build | Blacksmith |
| 12:22 | Build | Palisade Wall |
| 12:58 | Build | Palisade Wall |
| 13:04 | Build | Lumber Camp |
| 13:19 | Build | Watch Tower |
| 13:30 | Research | Castle Age |
| 14:17 | Build | Mining Camp |
| 14:31 | Build | Stone Wall |
| 14:36 | Build | House |
| 14:54 | Build | Palisade Wall |
| 14:55 | Build | Palisade Wall |
| 14:55 | Build | Palisade Wall |
| 16:10 | Age | Castle Age |
| 16:20 | Queue | Villager (Male) |
| 16:20 | Queue | Villager (Male) |
| 17:27 | Build | Castle |
| 17:32 | Queue | Villager (Male) |
| 17:35 | Build | House |
| 17:53 | Build | House |
| 17:56 | Build | House |
| 18:01 | Build | House |
| 18:02 | Build | Palisade Wall |
| 18:09 | Build | House |
| 18:43 | Queue | Villager (Male) |
| 18:43 | Queue | Villager (Male) |
| 18:57 | Queue | Arambai |
| 18:58 | Queue | Arambai |
| 18:58 | Queue | Arambai |
| 19:11 | Build | Lumber Camp |
| 19:30 | Build | Mining Camp |
| 19:39 | Queue | Villager (Male) |
| 19:58 | Queue | Villager (Male) |
| 20:30 | Queue | Arambai |
| 20:47 | Research | Padded Archer Armor |
| 20:53 | Queue | Arambai |
| 20:54 | Queue | Arambai |
| 21:19 | Queue | Arambai |
| 21:30 | Build | Lumber Camp |
| 21:46 | Build | Outpost |
| 22:23 | Queue | Arambai |
| 22:23 | Queue | Arambai |
| 22:51 | Queue | Arambai |
| 22:52 | Queue | Arambai |
| 23:19 | Build | Siege Workshop |
| 24:18 | Queue | Mangonel |
| 24:39 | Queue | Mangonel |
| 24:43 | Queue | Arambai |
| 25:02 | Build | House |
| 25:06 | Build | Monastery |
| 25:37 | Queue | Mangonel |
| 25:39 | Queue | Arambai |
| 26:07 | Queue | Mangonel |
| 26:08 | Queue | Arambai |
| 26:09 | Queue | Arambai |
| 26:25 | Queue | Monk |
| 27:37 | Queue | Mangonel |
| 27:44 | Queue | Arambai |
| 27:44 | Queue | Arambai |
| 27:52 | Research | Redemption |
| 28:14 | Queue | Mangonel |
| 28:27 | Research | Sanctity |
| 29:04 | Build | Lumber Camp |
| 29:42 | Build | Lumber Camp |
| 30:07 | Queue | Monk |
| 30:19 | Build | Outpost |
| 30:49 | Queue | Mangonel |
| 32:26 | Build | Mining Camp |
| 32:58 | Queue | Monk |
| 33:13 | Build | Palisade Wall |
| 33:28 | Build | Outpost |
| 34:22 | Build | Palisade Wall |
| 34:39 | Queue | Mangonel |
| 34:40 | Queue | Mangonel |
| 36:54 | Queue | Arambai |
| 36:54 | Queue | Arambai |
| 37:00 | Build | House |
| 37:02 | Build | House |
| 37:12 | Queue | Mangonel |
| 37:12 | Queue | Mangonel |
| 37:29 | Queue | Arambai |
| 37:29 | Queue | Arambai |
| 37:29 | Queue | Arambai |
| 38:09 | Queue | Arambai |
| 38:09 | Queue | Arambai |
| 38:59 | Build | Lumber Camp |
| 39:59 | Queue | Mangonel |
| 40:00 | Queue | Arambai |
| 40:00 | Queue | Arambai |
| 40:11 | Queue | Monk |
| 40:11 | Queue | Monk |
| 41:01 | Queue | Arambai |
| 41:01 | Queue | Arambai |
| 41:59 | Queue | Arambai |
| 41:59 | Queue | Arambai |
Build order — Joeodessa
First 150 of 255 actions detected
| 0:00 | Queue | Villager (Male) |
| 0:00 | Queue | Villager (Male) |
| 0:00 | Queue | Villager (Male) |
| 0:01 | Queue | Villager (Male) |
| 0:01 | Queue | Villager (Male) |
| 0:02 | Build | House |
| 0:03 | Build | House |
| 1:27 | Queue | Villager (Male) |
| 1:48 | Build | Lumber Camp |
| 1:49 | Queue | Villager (Male) |
| 2:23 | Queue | Villager (Male) |
| 2:53 | Queue | Villager (Male) |
| 3:10 | Queue | Villager (Male) |
| 3:31 | Queue | Villager (Male) |
| 4:08 | Queue | Villager (Male) |
| 4:30 | Queue | Villager (Male) |
| 4:37 | Research | Loom |
| 4:41 | Build | House |
| 4:52 | Build | Mill |
| 5:04 | Queue | Villager (Male) |
| 5:30 | Queue | Villager (Male) |
| 5:54 | Queue | Villager (Male) |
| 5:56 | Queue | Villager (Male) |
| 5:58 | Queue | Villager (Male) |
| 6:45 | Research | Feudal Age |
| 6:46 | Research | Feudal Age |
| 7:11 | Build | Barracks |
| 7:27 | Build | House |
| 7:50 | Build | Palisade Wall |
| 8:12 | Build | Mining Camp |
| 8:32 | Queue | Villager (Male) |
| 8:38 | Build | Palisade Wall |
| 8:58 | Age | Feudal Age |
| 9:02 | Queue | Villager (Male) |
| 9:06 | Queue | Villager (Male) |
| 9:13 | Build | Archery Range |
| 9:40 | Queue | Villager (Male) |
| 9:51 | Queue | Villager (Male) |
| 10:01 | Queue | Archer |
| 10:01 | Queue | Archer |
| 10:15 | Build | Blacksmith |
| 10:21 | Queue | Villager (Male) |
| 10:27 | Build | Blacksmith |
| 10:29 | Build | Palisade Wall |
| 10:29 | Build | Palisade Wall |
| 10:36 | Queue | Villager (Male) |
| 10:40 | Build | House |
| 11:13 | Queue | Archer |
| 11:19 | Build | Palisade Wall |
| 11:26 | Build | House |
| 11:30 | Build | House |
| 11:37 | Queue | Archer |
| 11:42 | Queue | Villager (Male) |
| 12:08 | Build | Watch Tower |
| 12:19 | Build | Mining Camp |
| 12:19 | Queue | Villager (Male) |
| 12:21 | Build | House |
| 12:24 | Queue | Archer |
| 12:32 | Research | Fletching |
| 12:32 | Queue | Villager (Male) |
| 12:37 | Queue | Villager (Male) |
| 12:44 | Queue | Villager (Male) |
| 12:47 | Queue | Villager (Male) |
| 13:02 | Build | Watch Tower |
| 13:10 | Queue | Archer |
| 13:14 | Build | Palisade Wall |
| 13:30 | Queue | Archer |
| 13:32 | Queue | Villager (Male) |
| 13:41 | Queue | Villager (Male) |
| 14:04 | Queue | Villager (Male) |
| 14:16 | Build | Watch Tower |
| 14:16 | Queue | Villager (Male) |
| 14:24 | Queue | Villager (Male) |
| 14:24 | Queue | Villager (Male) |
| 14:32 | Research | Horse Collar |
| 14:36 | Build | Farm |
| 14:36 | Build | Farm |
| 14:36 | Build | Farm |
| 14:41 | Build | Lumber Camp |
| 14:43 | Queue | Villager (Male) |
| 15:03 | Build | Palisade Wall |
| 15:44 | Queue | Villager (Male) |
| 16:10 | Build | Farm |
| 16:22 | Queue | Archer |
| 16:23 | Queue | Villager (Male) |
| 17:01 | Build | Watch Tower |
| 17:10 | Queue | Villager (Male) |
| 17:11 | Queue | Archer |
| 17:13 | Build | House |
| 17:13 | Build | House |
| 17:18 | Build | Farm |
| 17:20 | Build | Farm |
| 17:21 | Queue | Villager (Male) |
| 17:31 | Build | Farm |
| 17:32 | Build | Farm |
| 17:53 | Queue | Villager (Male) |
| 17:55 | Queue | Archer |
| 18:26 | Queue | Villager (Male) |
| 18:48 | Build | Farm |
| 18:52 | Build | Market |
| 18:55 | Build | Palisade Wall |
| 18:58 | Build | Farm |
| 18:59 | Queue | Villager (Male) |
| 19:16 | Build | Farm |
| 19:19 | Queue | Archer |
| 19:36 | Build | Farm |
| 19:45 | Queue | Archer |
| 20:20 | Build | House |
| 20:21 | Build | House |
| 20:47 | Build | Palisade Wall |
| 20:55 | Research | Castle Age |
| 21:05 | Queue | Archer |
| 21:10 | Research | Padded Archer Armor |
| 21:21 | Build | Archery Range |
| 21:29 | Queue | Archer |
| 21:34 | Build | Palisade Wall |
| 21:37 | Build | Palisade Wall |
| 21:43 | Queue | Archer |
| 22:02 | Build | Lumber Camp |
| 22:09 | Build | Farm |
| 22:09 | Build | Farm |
| 22:16 | Build | Farm |
| 22:22 | Queue | Archer |
| 22:50 | Queue | Archer |
| 23:10 | Queue | Archer |
| 23:13 | Queue | Archer |
| 23:31 | Build | House |
| 23:35 | Age | Castle Age |
| 23:37 | Research | Crossbowman (upgrade) |
| 23:38 | Research | Bodkin Arrow |
| 23:38 | Queue | Villager (Male) |
| 23:41 | Build | Town Center |
| 23:44 | Build | Archery Range |
| 23:59 | Queue | Archer |
| 24:07 | Queue | Archer |
| 24:07 | Queue | Skirmisher |
| 24:07 | Queue | Villager (Male) |
| 24:16 | Build | University |
| 24:25 | Queue | Archer |
| 24:32 | Queue | Archer |
| 24:34 | Research | Leather Archer Armor |
| 24:35 | Queue | Villager (Male) |
| 24:39 | Queue | Villager (Male) |
| 24:50 | Queue | Villager (Male) |
| 24:52 | Queue | Archer |
| 25:12 | Queue | Villager (Male) |
| 25:28 | Research | Ballistics |
| 25:33 | Build | House |
| 25:35 | Build | House |
| 25:39 | Build | Siege Workshop |
Match timeline
| 3:46 | Changed · wall_segment Palisade Wall x1 |
| 4:44 | Changed · wall_segment Palisade Wall x1 |
| 4:45 | Changed · wall_segment Palisade Wall x1 |
| 5:45 | Changed · wall_segment Palisade Wall x1 |
| 6:48 | Changed · wall_segment Palisade Wall x1 |
| 6:49 | Changed · wall_segment Palisade Wall x1 |
| 6:50 | Changed · wall_segment Palisade Wall x1 |
| 6:51 | Changed · wall_segment Palisade Wall x1 |
| 6:52 | Changed · wall_segment Palisade Wall x1 |
| 6:52 | Changed · wall_segment Palisade Wall x1 |
| 7:11 | Joeodessa · first_building Barracks |
| 7:16 | Changed · wall_segment Palisade Wall x1 |
| 7:17 | Changed · wall_segment Palisade Wall x1 |
| 7:17 | Changed · wall_segment Palisade Wall x1 |
| 7:18 | Changed · wall_segment Palisade Wall x1 |
| 7:19 | Changed · wall_segment Palisade Wall x1 |
| 7:19 | Changed · wall_segment Palisade Wall x1 |
| 7:20 | Changed · wall_segment Palisade Wall x1 |
| 7:20 | Changed · wall_segment Palisade Wall x1 |
| 7:50 | Joeodessa · wall_segment Palisade Wall x1 |
| 8:06 | Changed · wall_segment Palisade Wall x1 |
| 8:07 | Changed · wall_segment Palisade Wall x1 |
| 8:07 | Changed · wall_segment Palisade Wall x1 |
| 8:08 | Changed · wall_segment Palisade Wall x1 |
| 8:12 | Changed · wall_segment Palisade Wall x6 |
| 8:38 | Joeodessa · wall_segment Palisade Wall x1 |
| 8:58 | Joeodessa · age_up feudal |
| 9:13 | Joeodessa · first_building Archery Range |
| 10:29 | Joeodessa · wall_segment Palisade Wall x8 |
| 10:29 | Joeodessa · wall_segment Palisade Wall x3 |
| 11:11 | Changed · age_up feudal |
| 11:19 | Joeodessa · wall_segment Palisade Wall x4 |
| 12:22 | Changed · wall_segment Palisade Wall x1 |
| 12:35 | Changed · first_market_sell 100 food |
| 12:58 | Changed · wall_segment Palisade Wall x1 |
| 13:14 | Joeodessa · wall_segment Palisade Wall x10 |
| 14:31 | Changed · wall_segment Stone Wall x4 |
| 14:54 | Changed · wall_segment Palisade Wall x1 |
| 14:55 | Changed · wall_segment Palisade Wall x1 |
| 14:55 | Changed · wall_segment Palisade Wall x1 |
| 15:03 | Joeodessa · wall_segment Palisade Wall x1 |
| 16:10 | Changed · age_up castle |
| 17:27 | Changed · first_building Castle |
| 18:02 | Changed · wall_segment Palisade Wall x1 |
| 18:55 | Joeodessa · wall_segment Palisade Wall x1 |
| 20:16 | Joeodessa · first_market_buy 100 food |
| 20:18 | Joeodessa · first_market_sell 100 stone |
| 20:47 | Joeodessa · wall_segment Palisade Wall x1 |
| 21:34 | Joeodessa · wall_segment Palisade Wall x1 |
| 21:37 | Joeodessa · wall_segment Palisade Wall x1 |
| 23:19 | Changed · first_building Siege Workshop |
| 23:35 | Joeodessa · age_up castle |
| 25:06 | Changed · first_building Monastery |
| 25:39 | Joeodessa · first_building Siege Workshop |
| 32:42 | Joeodessa · first_building Castle |
| 33:13 | Changed · wall_segment Palisade Wall x1 |
| 34:22 | Changed · wall_segment Palisade Wall x5 |
| 45:25 | Joeodessa · resign |
[ AI ANALYSIS · 1 CREDIT ]
What really happened in this match?
Wolo.gg analyzes every decision: build order, eco, micro, common mistakes by bracket. Personalized analysis on WhatsApp or Discord in 30 seconds.
Civ guide
Burmese
Perfil
Changed